 Dungeon Crawl Stone Soup version 0.29.0-5-ge4962eb29e (webtiles) character file.

Game seed: 15272364252770215771

2410 slphil the Thaumaturge (level 9, 0/69 HPs)
             Began as a Mummy Necromancer on Aug 30, 2022.
             Was a Follower of Kikubaaqudgha.
             Killed from afar by a gargoyle (17 damage)
             ... with a stone arrow
             ... on level 7 of the Dungeon.
             The game lasted 00:19:45 (7333 turns).

slphil the Thaumaturge (Mummy Necromancer)          Turns: 7333, Time: 00:19:45

Health: 0/69       AC: 10    Str: 14    XL:     9   Next: 23%
Magic:  11/21      EV: 11    Int: 19    God:    Kikubaaqudgha [*.....]
Gold:   387        SH:  0    Dex: 12    Spells: 5/25 levels left

rFire   x . .      SeeInvis .   h - +8 dagger of Defenestration {protect, *Slow +Blink rC+ Str+3}
rCold   + + .      Faith    .   (no shield)
rNeg    + + +      Spirit   .   c - +2 leather armour {Will+}
rPois   ∞          Reflect  .   g - +0 helmet
rElec   .          Harm     .   (no cloak)
rCorr   .          Rampage  .   u - +2 pair of gloves
Will    ++...                   p - +0 pair of boots
Stlth   +.........              q - amulet of magic regeneration
HPRegen 0.21/turn               f - ring of wizardry
MPRegen 0.57/turn               (no ring)

@: no status effects
A: cold resistance 1, negative energy resistance 3, torment resistance 2, heat
vulnerability 1, in touch with death 1, no potions
a: Renounce Religion, Evoke Blink, Unearth Wretches


You were on level 7 of the Dungeon.
You worshipped Kikubaaqudgha.
Kikubaaqudgha was aware of your devotion.
You visited 2 branches of the dungeon, and saw 8 of its levels.

You collected 387 gold pieces.

Inventory:

Hand Weapons
 b - a +0 mace
 h - the +8 dagger of Defenestration (weapon) {protect, *Slow +Blink rC+ Str+3}
   (You found it on level 2 of the Dungeon)

   It grants its wielder temporary protection when it strikes (+7 to AC).
   Str:       It affects your strength (+3).
   rC:        It protects you from cold.
   +Blink:    It lets you blink.
   *Slow:     It may slow you when you take damage.
Missiles
 m - 2 throwing nets
Armour
 c - a +2 leather armour of willpower (worn)
 g - a +0 helmet (worn)
 o - an orb of guile
 p - a +0 pair of boots (worn)
 u - a +2 pair of gloves (worn)
 v - a +2 robe of fire resistance
Jewellery
 f - a ring of wizardry (left hand)
 q - an amulet of magic regeneration (around neck)
 s - an amulet of the acrobat
Wands
 l - a wand of polymorph (19)
Scrolls
 d - 2 scrolls of noise
 e - 2 scrolls of magic mapping
 i - a scroll of immolation
 k - a scroll of amnesia
 n - a scroll of poison
 r - a scroll of torment


   Skills:
 + Level 5.9 Fighting
 - Level 5.0 Short Blades
 - Level 1.5 Dodging
 - Level 1.5 Stealth
 + Level 8.9 Spellcasting
 * Level 2.4 Hexes
 - Level 6.0 Necromancy


You had 5 spell levels left.
You knew the following spells:

 Your Spells              Type           Power      Damage    Failure   Level
a - Necrotise             Necr           100%       1d9       1%          1
b - Vampiric Draining     Necr           46%        2d9       1%          3
c - Animate Dead          Necr           46%        N/A       3%          4
d - Dispel Undead         Necr           46%        3d18      3%          4
e - Anguish               Hex/Necr       18%        N/A       8%          4
f - Slow                  Hex            68%        N/A       1%          1
g - Confusing Touch       Hex            17%        N/A       4%          3

Your spell library contained the following spells:

 Spells                   Type           Power      Damage    Failure   Level
 Magic Dart               Conj           32%        1d4       4%          1
 Shock                    Conj/Air       32%        1d5       4%          1
 Searing Ray              Conj           16%        2d5       6%          2
 Agony                    Necr           46%        N/A       11%         5
 Ozocubu's Armour         Ice            8%         N/A       13%         3
 Corpse Rot               Necr/Pois/Air  24%        N/A       19%         4
 Fulminant Prism          Conj/Hex       6%         3d7       26%         4
 Metabolic Englaciation   Hex/Ice        6%         N/A       54%         5
 Lightning Bolt           Conj/Air       4%         1d15      71%         5
 Simulacrum               Ice/Necr       14%        N/A       86%         6


Dungeon Overview and Level Annotations

Branches:
Dungeon (7/15)             Temple (1/1) D:5

Altars:
Ashenzari
Cheibriados
Dithmenos
Fedhas
Gozag
Hepliaklqana
Kikubaaqudgha
Makhleb
Okawaru
Qazlal
Ru
Sif Muna
Trog
Uskayaw
Vehumet
Wu Jian
Xom
Yredelemnul

Annotations:
D:3 Grinder


Innate Abilities, Weirdness & Mutations

You are immune to poison.
Your flesh is cold resistant. (rC+)
You are immune to negative energy. (rN+++)
You are immune to unholy pain and torment.
You are vulnerable to heat. (rF-)
You are in touch with the powers of death.
You do not drink.


Message History

The bolt of acid hits the gargoyle but does no damage.
The bolt of acid hits the gargoyle.
The gargoyle is moderately damaged.
The gargoyle hurls a stone arrow at you.
The stone arrow hits you!
Your orc skeleton barely misses the orc.
Aiming: Corrosive Bolt
Press: ? - help, Shift-Dir - straight line, f/p - gargoyle
Aim: a gargoyle, wielding a +0 mace (moderately damaged, 86% to hit)
The bolt of acid hits the gargoyle.
The gargoyle is lightly damaged.
The bolt of acid hits the gargoyle!
The acid corrodes the gargoyle!
The gargoyle is severely damaged.
The now-empty wand crumbles to dust.
A gargoyle comes into view. It is wielding a +0 mace.
The orc hits you but does no damage.
The gargoyle hurls a stone arrow at you.
The stone arrow hits you!!
Your orc skeleton hits the orc.
You hit the gargoyle but do no damage.
Your weapon exudes an aura of protection.
The gargoyle is lightly damaged.
The orc misses you.
The gargoyle hits you but does no damage.
You hit the orc.
You kill the orc!
Kikubaaqudgha accepts your kill.
The gargoyle hits you with a +0 morningstar!
* * * LOW HITPOINT WARNING * * *
You swap places.
The gargoyle hits your orc skeleton with a +0 morningstar!
Your orc skeleton is destroyed!
Items here: ( )) ? [[ ††.
Things that are here:
a +0 short sword; a +0 leather armour The gargoyle hurls a stone arrow at you.
The stone arrow misses you.
The gargoyle hurls a stone arrow at you.
The stone arrow hits you!
You die...
Kikubaaqudgha rasps: "You have failed me!
Welcome... oblivion!"

..# #.......#####.## ... ..#
#.........###..#!.... #.##
#.#....##.............. ##.#
#.#...#####..##........ #.##
#.#...## #.## ........
#..###...#..## #.# ........
##.##..####..# ♣.♣ .......
###....## ####♣♣.♣♣##.......
..<))..# #...@...99.......
..)....## #.#♣♣.♣♣#).......
##..##.>## #.# ♣.♣ #)##.....
.#..###..###..###9###9# ..#..
[..####..............###.....
...###..............).#!.# ..
....##....##...##...)....#...
.##.....### .. ###))........
####....# . #......####


You could see 3 gargoyles.

Vanquished Creatures
  Prince Ribbit (D:5)
  3 orc warriors
  2 black bears
  3 ice beasts
  2 ogres
  A phantom (D:6)
  A scorpion (D:4)
  2 bullfrogs
  3 wights (D:6)
  5 killer bees
  A howler monkey (D:7)
  2 hounds
  2 orc priests
  An iguana (D:4)
  A gnoll bouda (D:6)
  5 orc wizards
  16 gnolls
  9 adders
  2 shadow imps
  4 white imps
  2 worms (D:3)
  3 dart slugs
  19 orcs
  3 ball pythons
  12 endoplasms
  A giant cockroach (D:1)
  3 goblins (D:4)
  10 hobgoblins
  4 jackals (D:4)
  4 quokkas
  2 bats
  7 frilled lizards
  5 kobolds
  3 rats
144 creatures vanquished.

Vanquished Creatures (collateral kills)
  A gnoll (D:7)
  An orc (D:3)
  A goblin (D:4)
3 creatures vanquished.

Vanquished Creatures (others)
  A bullfrog (D:6)
  An orc (D:6)
2 creatures vanquished.

Grand Total: 149 creatures vanquished

Notes
Turn   | Place    | Note
-------+----------+-------------------------------------------
     0 | D:1      | slphil the Mummy Necromancer began the quest for the Orb.
     0 | D:1      | Reached XP level 1. HP: 13/13 MP: 4/4
   230 | D:1      | Reached skill level 3 in Spellcasting
   383 | D:1      | Reached XP level 2. HP: 20/20 MP: 1/6
   900 | D:2      | Reached skill level 1 in Fighting
  1173 | D:2      | Found a bloodstained altar of Trog.
  1180 | D:2      | Identified the +8 dagger of Defenestration {protect, *Slow
                  | +Blink rC+ Str+3}
  1193 | D:2      | Gained mutation: You are in touch with the powers of death.
                  | [Mummy growth]
  1193 | D:2      | Reached XP level 3. HP: 26/26 MP: 4/7
  1830 | D:3      | Reached XP level 4. HP: 24/33 MP: 4/9
  1847 | D:2      | Reached skill level 4 in Spellcasting
  2019 | D:3      | Found an iron altar of Okawaru.
  2023 | D:3      | Noticed Grinder
  2195 | D:3      | Paralysed by Grinder for 3 turns
  2377 | D:3      | Found a shimmering altar of Xom.
  2433 | D:3      | Got the Volume of the Salvo and Wicked Arts
  2443 | D:3      | Learned a level 3 spell: Vampiric Draining
  2448 | D:3      | Learned a level 4 spell: Animate Dead
  2679 | D:3      | Reached XP level 5. HP: 39/39 MP: 6/11
  3007 | D:3      | Reached skill level 5 in Necromancy
  3125 | D:3      | Reached skill level 1 in Short Blades
  3591 | D:4      | Reached XP level 6. HP: 45/46 MP: 5/13
  3755 | D:4      | Reached skill level 5 in Spellcasting
  3846 | D:4      | Learned a level 4 spell: Dispel Undead
  3915 | D:4      | Reached XP level 7. HP: 52/52 MP: 9/14
  4304 | D:5      | Entered Level 5 of the Dungeon
  4309 | D:5      | Noticed Prince Ribbit
  4315 | D:5      | Killed Prince Ribbit
  4635 | D:5      | Found a staircase to the Ecumenical Temple.
  4671 | Temple   | Entered the Ecumenical Temple
  4897 | Temple   | Became a worshipper of Kikubaaqudgha
  5682 | D:6      | Reached skill level 6 in Spellcasting
  5682 | D:6      | Reached XP level 8. HP: 42/60 MP: 15/17
  5986 | D:6      | Found a hide-covered altar of Uskayaw.
  5987 | D:6      | Found an opulent altar of Gozag.
  6107 | D:6      | Reached skill level 5 in Fighting
  6107 | D:6      | Reached skill level 5 in Short Blades
  6114 | D:6      | Reached skill level 7 in Spellcasting
  6442 | D:6      | Reached skill level 8 in Spellcasting
  6745 | D:7      | Reached * piety under Kikubaaqudgha
  6745 | D:7      | Received a gift from Kikubaaqudgha
  6770 | D:6      | Learned a level 4 spell: Anguish
  6772 | D:6      | Learned a level 1 spell: Slow
  6776 | D:6      | Learned a level 3 spell: Confusing Touch
  6791 | D:7      | Reached XP level 9. HP: 60/68 MP: 18/21
  6972 | D:7      | Found a stormy altar of Qazlal.
  7013 | D:7      | Reached skill level 1 in Hexes
  7315 | D:7      | Noticed a gargoyle
  7316 | D:7      | Noticed a gargoyle
  7324 | D:7      | Noticed a gargoyle
  7333 | D:7      | Killed from afar by a gargoyle

Illustrated notes

Levels and vault maps discovered:
D:1:      dpeg_arrival_long_road, layout_basic
D:2:      layout_loops_ring, basic_altar
D:3:      layout_rooms, mainiacjoe_overflow_catwalk, amcnicky_altar_gilded,
          uniq_grinder
D:4:      layout_cave_pools, kennysheep_generic_room_4
D:5:      layout_basic, minmay_temple_entry_stoned_glass, uniq_prince_ribbit1
D:6:      layout_cave_pools, amethyst_overflow_temple_binary,
          lemuel_flamethrower_2
D:7:      cheibrodos_statue_roulette, layout_layer_cave,
          mainiacjoe_overflow_concentric_impassable, minmay_tree_intersection
Temple:   nicolae_temple_bog_church

Skill      XL: |  1  2  3  4  5  6  7  8  9 |
---------------+----------------------------+-----
Spellcasting   | 3 4 5 6 8 |  8.9
Fighting       | 1 2 3 4 5 |  5.9
Necromancy     | 5 6 |  6.0
Short Blades   | 1 2 4 5 |  5.0
Hexes          | 2 |  2.4
Dodging        | |  1.5
Stealth        | |  1.5

Action                   |  1- 3 |  4- 6 |  7- 9 || total
-------------------------+-------+-------+-------++-------
Melee: Mace              |     1 |       |       ||     1
       Dagger            |    10 |    62 |   154 ||   226
       Punch             |       |     2 |     1 ||     3
 Cast: Necrotise         |    56 |    99 |    67 ||   222
       Vampiric Draining |       |     1 |    31 ||    32
       Dispel Undead     |       |       |     4 ||     4
Evoke: Wand              |       |       |     2 ||     2
  Use: Scroll            |       |     4 |     5 ||     9
 Stab: Sleeping          |       |       |     1 ||     1
Armor: Robe              |     4 |    33 |    27 ||    64
       Leather armour    |       |       |    79 ||    79
Dodge: Dodged            |     7 |    52 |   132 ||   191
